 Dungeon Crawl Stone Soup version 0.30-a0-634-g8abc85282e (webtiles) character file.

Game seed: 5005052565614876909

42 drugrobin the Sneak (level 3, 0/30 HPs)
             Began as a Demigod Delver on Jan 15, 2023.
             Succumbed to an adder's poison
             ... on level 2 of the Dungeon.
             The game lasted 00:03:41 (406 turns).

drugrobin the Sneak (Demigod Delver)                 Turns: 406, Time: 00:03:41

Health: 0/30       AC:  3    Str: 13    XL:     3   Next: 19%
Magic:  5/5        EV: 12    Int: 12    God:
Gold:   5          SH:  0    Dex: 19    Spells: 0/2 levels left

rFire   . . .      SeeInvis .      - Unarmed
rCold   . . .      Faith    .    (no shield)
rNeg    . . .      Spirit   .    a - +0 leather armour
rPois   .          Reflect  .    (no helmet)
rElec   .          Harm     .    (no cloak)
rCorr   .          Rampage  .    (no gloves)
Will    .....                    (no boots)
Stlth   +++                      (no amulet)
HPRegen 0.25/turn                (no ring)
MPRegen 0.09/turn                (no ring)

@: lethally poisoned (0 -> -3), invisible
A: high MP 1, forlorn, divine attributes, inability to drink after injury 1
a: no special abilities


You were on level 2 of the Dungeon.
You visited 1 branch of the dungeon, and saw 4 of its levels.

You collected 5 gold pieces.

Inventory:

Armour
 a - a +0 leather armour (worn)
Wands
 f - a wand of digging (1)
Scrolls
 b - a scroll of fog
 c - a scroll of identify
 d - 2 scrolls of fear
 g - a scroll of blinking
Potions
 e - a potion of haste


   Skills:
 - Level 2.6 Fighting
 - Level 1.7 Dodging
 - Level 4.5 Stealth
 + Level 3.5 Unarmed Combat


You couldn't memorise any spells.
You knew the following spells:

 Your Spells              Type           Power      Damage    Failure   Level
a - Wereblood             Tmut           0%         N/A       54%         2

Your spell library contained the following spells:

 Spells                   Type           Power      Damage    Failure   Level
 Sublimation of Blood     Necr           0%         N/A       54%         2
 Summon Hydra             Summ           0%         N/A       100%        7


Dungeon Overview and Level Annotations

Branches:
Dungeon (5/15)
 Temple: D:4-7


Innate Abilities, Weirdness & Mutations

You have an increased reservoir of magic. (+10% MP)
You shall have no god before yourself.
Your divine heritage dramatically boosts your attributes as you level up.
You occasionally lose the ability to drink potions when taking damage.


Message History

You closely miss the adder.
The adder is almost dead.
You feel sick. The adder barely misses you.
You closely miss the adder.
The adder is almost dead.
You feel sick. The adder bites you but does no damage. The adder bites you.
You are more poisoned.
The adder poisons you!
You closely miss the adder.
The adder is severely wounded.
* * * LOW HITPOINT WARNING * * *
You feel sick. The adder bites you.
* * * LOW HITPOINT WARNING * * *
You barely miss the adder.
The adder is severely wounded.
* * * LOW HITPOINT WARNING * * *
You feel sick. The adder closely misses you.
Okay, then.
You barely miss the adder.
The adder is severely wounded.
* * * LOW HITPOINT WARNING * * *
You feel sick. The adder bites you.
* * * LOW HITPOINT WARNING * * *
Unknown command.
It was a potion of invisibility.
You fade into invisibility!
* * * LOW HITPOINT WARNING * * *
You feel sick. The adder closely misses you.
Unknown command.
Unknown command.
It was a potion of mutation.
You feel extremely strange.
You occasionally lose the ability to drink potions when taking damage.
* * * LOW HITPOINT WARNING * * *
You feel sick. The adder misses you. The adder bites you but does no damage.
Unknown command.
Unknown command.
As you read the scroll labelled XAKHLU YTOMOE, it crumbles to dust.
It is a scroll of identify.
g - a scroll of blinking You die...

.##..J.#.....## .#
#.#.......# .#
#.##......# .#
#.......#.# .#
####†##.#.# ##
##.##.#.#
##...#.#.#
.J.....#.########
.......)...S@...#
..)?......######.#
(.......... .#
........#### .#
........# .#
........# .#
........# .#
........# ..


You could see an adder (unable to see you).

Vanquished Creatures
  A hound (D:4)
  A ball python (D:2)
  An endoplasm (D:4)
  A goblin (D:2)
  A hobgoblin (D:2)
  2 quokkas (D:2)
  2 bats (D:2)
  A frilled lizard (D:2)
  A kobold (D:2)
  A rat (D:2)
12 creatures vanquished.

Notes
Turn   | Place    | Note
-------+----------+-------------------------------------------
     0 | D:5      | drugrobin the Demigod Delver began the quest for the Orb.
     0 | D:5      | Reached XP level 1. HP: 18/18 MP: 3/3
    17 | D:5      | Noticed a hound
    47 | D:5      | Noticed an iguana
    77 | D:4      | Noticed a hound
    95 | D:4      | Killed a hound
    96 | D:4      | Reached XP level 2. HP: 12/25 MP: 4/4
   291 | D:2      | Reached XP level 3. HP: 26/30 MP: 5/5
   346 | D:2      | Learned a level 2 spell: Wereblood
   405 | D:2      | Gained mutation: You occasionally lose the ability to drink
                  | potions when taking damage. [potion of mutation]
   405 | D:2      | HP: 1/30 [poisoned by an adder]
   406 | D:2      | Succumbed to an adder's poison

Illustrated notes

Levels and vault maps discovered:
D:2:      layout_loops_ring, basic_altar, uniq_crazy_yiuf_cottage, uniq_robin
D:3:      layout_basic, amethyst_overflow_temple_binary, xom_confusion_cloud,
          minivault_11
D:4:      layout_basic, minmay_misc_feat_tower
D:5:      layout_gridville, okawaru_gym_becter, chequers_serial_rivers_micro_b,
          nrook_pool_corridor, uniq_menkaure

Skill      XL: |  1 |
---------------+----+-----
Unarmed Combat | 3 |  3.5
Fighting       | |  2.6
Dodging        | |  1.7
Stealth        | |  4.5

Action                   || total
-------------------------++-------
Melee: Unarmed           ||    51
       Punch             ||     2
Evoke: Wand              ||     2
  Use: Scroll            ||     2
       Potion            ||     2
 Stab: Sleeping          ||     3
Armor: Leather armour    ||    11
Dodge: Dodged            ||    30

Table legend: (Time is in decaauts)
 A = Elapsed time spent in this place.
 B = Non-inter-level travel time spent in this place.
 C = Inter-level travel time spent in this place.
 D = Time resting spent in this place.
 E = Time spent auto-exploring this place.
 F = Levels seen in this place.
 G = Mean time per level.
                   A        B        C        D        E       F      G
               +--------+--------+--------+--------+--------+-----+--------+
         Total |    402 |    399 |      3 |     74 |     35 |   4 |  100.5 |
       Dungeon |    402 |    399 |      3 |     74 |     35 |   4 |  100.5 |
               +--------+--------+--------+--------+--------+-----+--------+

Top non-repeatable levels by time:
     D:2: 162 daAuts
     D:4: 162 daAuts
     D:5: 61 daAuts
     D:3: 16 daAuts
